 Dungeon Crawl Stone Soup version 0.21-a0-414-gba8bdf1 (webtiles) character file.

3108 Dysjunc the Blocker (level 9, 0/74 HPs)
             Began as a Gnoll Fighter on Nov 2, 2017.
             Was a Follower of Okawaru.
             Succumbed to a green ugly thing's poison
             ... on level 7 of the Dungeon.
             The game lasted 00:20:37 (6392 turns).

Dysjunc the Blocker (Gnoll Fighter)                 Turns: 6392, Time: 00:20:38

Health: 0/74       AC: 16    Str: 24      XL:     9   Next: 90%
Magic:  15/15      EV: 19    Int: 13 (15) God:    Okawaru [*.....]
Gold:   363        SH:  3    Dex: 15      Spells: 17/17 levels left

rFire    . . .     SeeInvis .   n - +0 battleaxe
rCold    . . .     Gourm    .   (shield currently unavailable)
rNeg     . . .     Faith    .   E - +1 plate armour
rPois    .         Spirit   .   (no helmet)
rElec    .         Reflect  +   (no cloak)
rCorr    .         Harm     .   (no gloves)
MR       .....     Clarity  +   (no boots)
Stlth    ..........             q - +3 amulet of reflection
HPRegen  0.22/turn              e - +6 ring of evasion
MPRegen  0.14/turn              (no ring)

@: mighty, lethally poisoned (0 -> -21), heroism
A: distributed training, fangs 1, talons 1, clarity, clever 1, deterioration 1,
strong nose
a: Heroism, Renounce Religion


You were on level 7 of the Dungeon.
You worshipped Okawaru.
Okawaru was aware of your devotion.
You were full.

You visited 2 branches of the dungeon, and saw 8 of its levels.

You collected 405 gold pieces.
You spent 42 gold pieces at shops.

Inventory:

Hand Weapons
 a - a +0 war axe
 n - a +0 battleaxe (weapon)
 D - a +4 falchion
 H - a +0 hunting sling
Missiles
 w - 27 poisoned needles
 F - 4 tomahawks (quivered)
Armour
 b - a +0 scale mail
 t - a +3 leather armour of poison resistance
 C - a +3 leather armour of fire resistance
 E - a +1 plate armour (worn)
 G - a cursed -1 robe
Magical Staves
 v - an uncursed staff of air
Jewellery
 e - a +6 ring of evasion (left hand)
 q - a +3 amulet of reflection (around neck)
Wands
 d - a wand of flame (16/48)
 A - a wand of digging (14/24)
Scrolls
 i - a scroll of recharging
 j - 3 scrolls of remove curse
 l - 6 scrolls of identify
 m - 3 scrolls of teleportation
 p - 2 scrolls of immolation
 r - a scroll of fear
 y - a scroll of amnesia
 z - a scroll of magic mapping
Comestibles
 f - 4 bread rations
 g - 4 chunks of flesh


   Skills:
 + Level 8.1(13.1) Fighting
 + Level 4.6(9.6) Short Blades
 + Level 4.6(9.6) Long Blades
 + Level 6.6(11.6) Axes
 + Level 4.6(9.6) Maces & Flails
 + Level 4.6(9.6) Polearms
 + Level 4.6(9.6) Staves
 + Level 4.6(9.6) Slings
 + Level 4.6(9.6) Bows
 + Level 4.6(9.6) Crossbows
 + Level 4.6(9.6) Throwing
 + Level 8.1(13.1) Armour
 + Level 4.6(9.6) Dodging
 + Level 4.6(9.6) Stealth
 + Level 8.1(13.1) Shields
 + Level 4.6(9.6) Unarmed Combat
 + Level 4.6 Spellcasting
 + Level 3.8 Conjurations
 + Level 3.8 Hexes
 + Level 3.8 Charms
 + Level 3.8 Summonings
 + Level 3.8 Necromancy
 + Level 3.8 Translocations
 + Level 3.8 Transmutations
 + Level 3.8 Fire Magic
 + Level 3.8 Ice Magic
 + Level 3.8 Air Magic
 + Level 3.8 Earth Magic
 + Level 3.8 Poison Magic
 + Level 5.1 Invocations
 + Level 4.6 Evocations


You had 17 spell levels left.
You didn't know any spells.

Dungeon Overview and Level Annotations

Branches:
Dungeon (7/15)             Temple (1/1) D:6

Altars:
Ashenzari
Cheibriados
Dithmenos
Elyvilon
Fedhas
Gozag
Hepliaklqana
Kikubaaqudgha
Makhleb
Nemelex Xobeh
Okawaru
Qazlal
Ru
Sif Muna
Trog
Uskayaw
Vehumet
Wu Jian
Xom
Yredelemnul
Zin
The Shining One
Lugonu

Shops:
D:4 ?


Innate Abilities, Weirdness & Mutations

Your experience applies equally to all skills.
You have very sharp teeth.
Your uncanny sense of smell can sniff out nearby items.
You have sharp toenails.
You possess an exceptional clarity of mind.
Your mind is acute. (Int +2)
Your body sometimes deteriorates upon taking damage.


Message History

Your body deteriorates!
You feel dopey.
You feel very mighty all of a sudden.
* * * LOW HITPOINT WARNING * * *
You feel very sick. The green ugly thing misses you.
The purple ugly thing barely misses you.
The purple ugly thing basks in the mutagenic energy from its kin and changes!
You barely miss the purple ugly thing.
The purple ugly thing is moderately wounded.
You slash the green ugly thing! You slash the cyan ugly thing!
* * * LOW HITPOINT WARNING * * *
You feel sick. The green ugly thing engulfs you!
* * * LOW HITPOINT WARNING * * *
Your body deteriorates!
You feel dopey.
The purple ugly thing closely misses you.
A small abomination comes into view.
You hit the purple ugly thing. Your kick misses the purple ugly thing.
The purple ugly thing is heavily wounded.
You closely miss the cyan ugly thing. You closely miss the green ugly thing.
You die...

################## #..#..#.###
.................######.....#....
.......#######.#.....##........##
.......# #...###.######.#...#
.......# ######...# ##[....
.......# ######©##****##...#
.......# ##..###.# *,,**#...#
.....))#######.©..####***©,*#.>.#
#)..###.....##..@u####*,,*,*#...#
#)### #.....###.uuu###,,,***#...#
#)# #.≈♣..#####xux..,,** ##....
#.# #)≈≈...###*#.$$$.#*###.....
#)#####≈≈≈..<..# *.$_%.# #.......
.....##≈P≈...###**.[|}.#*####...#
#.##.##.P...## **,,x....** #...#
#.##.########***,,,###..,***#...#
#(##.########*,*,,*###*,,*,*#...#


You could see 5 ugly things and 3 small abominations.

Vanquished Creatures
  Eustachio (D:4)
  A hungry ghost (D:6)
  2 orc warriors (D:7)
  2 phantoms (D:4)
  6 ogres
  A centaur (D:7)
  A crocodile (D:7)
  2 small abominations (D:7)
  5 bullfrogs
  2 scorpions
  3 wights (D:6)
  A howler monkey (D:7)
  3 crimson imps
  A centaur zombie (D:5)
  A hound (D:6)
  2 orc priests
  A centaur skeleton (D:4)
  2 gnoll shamans
  Ijyb (D:4)
  4 worker ants
  2 iguanas
  10 orc wizards
  A hound skeleton (D:4)
  8 gnolls
  A worker ant zombie (D:7)
  8 adders
  2 shadow imps (D:5)
  2 oozes
  An adder zombie (D:6)
  2 worms (D:3)
  2 dart slugs
  4 leopard geckos
  16 orcs
  6 bats
  4 giant cockroaches
  13 hobgoblins
  8 jackals
  A kobold (D:1)
  4 quokkas
  A ball python (D:4)
  5 frilled lizards
  A giant cockroach zombie (D:5)
  5 goblins
  A leopard gecko skeleton (D:5)
  3 rats
  A plant (D:7)
154 creatures vanquished.

Vanquished Creatures (others)
  A wizard (D:6)
  2 plants (D:7)
3 creatures vanquished.

Grand Total: 157 creatures vanquished

Notes
Turn   | Place    | Note
-------+----------+-------------------------------------------
     0 | D:1      | Dysjunc the Gnoll Fighter began the quest for the Orb.
     0 | D:1      | Reached XP level 1. HP: 23/23 MP: 1/1
   106 | D:1      | Reached XP level 2. HP: 26/29 MP: 2/2
   622 | D:2      | Reached XP level 3. HP: 34/35 MP: 3/3
   789 | D:2      | Reached skill level 1 in Invocations
   865 | D:2      | Noticed a scorpion
   879 | D:2      | Killed a scorpion
   879 | D:2      | Reached skill level 1 in Short Blades
   879 | D:2      | Reached skill level 1 in Long Blades
   879 | D:2      | Reached skill level 1 in Maces & Flails
   879 | D:2      | Reached skill level 1 in Polearms
   879 | D:2      | Reached skill level 1 in Staves
   879 | D:2      | Reached skill level 1 in Slings
   879 | D:2      | Reached skill level 1 in Bows
   879 | D:2      | Reached skill level 1 in Crossbows
   879 | D:2      | Reached skill level 1 in Throwing
   879 | D:2      | Reached skill level 1 in Dodging
   879 | D:2      | Reached skill level 1 in Stealth
   879 | D:2      | Reached skill level 1 in Unarmed Combat
   879 | D:2      | Reached skill level 1 in Spellcasting
   879 | D:2      | Reached skill level 1 in Conjurations
   879 | D:2      | Reached skill level 1 in Hexes
   879 | D:2      | Reached skill level 1 in Charms
   879 | D:2      | Reached skill level 1 in Summonings
   879 | D:2      | Reached skill level 1 in Necromancy
   879 | D:2      | Reached skill level 1 in Translocations
   879 | D:2      | Reached skill level 1 in Transmutations
   879 | D:2      | Reached skill level 1 in Fire Magic
   879 | D:2      | Reached skill level 1 in Ice Magic
   879 | D:2      | Reached skill level 1 in Air Magic
   879 | D:2      | Reached skill level 1 in Earth Magic
   879 | D:2      | Reached skill level 1 in Poison Magic
   879 | D:2      | Reached skill level 1 in Evocations
   879 | D:2      | Reached XP level 4. HP: 33/41 MP: 5/5
  1056 | D:2      | Reached XP level 5. HP: 47/47 MP: 6/6
  1917 | D:4      | Noticed Ijyb
  1931 | D:4      | Killed Ijyb
  2231 | D:4      | Noticed an ogre
  2241 | D:4      | Reached XP level 6. HP: 48/53 MP: 8/8
  2243 | D:4      | Gained mutation: You tend to lose your temper in combat. [potion of mutation]
  2243 | D:4      | Gained mutation: You are robust. (+10% HP) [potion of mutation]
  2253 | D:4      | Reached skill level 5 in Axes
  2647 | D:4      | Reached XP level 7. HP: 64/64 MP: 10/10
  3079 | D:4      | Found Ymonuab's Magic Scroll Shop.
  3079 | D:4      | Noticed Eustachio
  3107 | D:4      | Killed Eustachio
  3140 | D:4      | Bought a scroll of teleportation for 42 gold pieces
  3171 | D:4      | Reached XP level 8. HP: 36/73 MP: 12/12
  3390 | D:5      | Entered Level 5 of the Dungeon
  3691 | D:5      | Found a stormy altar of Qazlal.
  4733 | D:6      | Found a staircase to the Ecumenical Temple.
  4777 | D:6      | Reached XP level 9. HP: 79/79 MP: 14/14
  4882 | Temple   | Entered the Ecumenical Temple
  5017 | Temple   | Became a worshipper of Warmaster Okawaru
  5229 | D:6      | Found a blossoming altar of Fedhas.
  5506 | D:6      | Found a bloodstained altar of Trog.
  5507 | D:6      | Noticed a wizard
  5512 | D:6      | Killed a wizard
  5632 | D:7      | Reached * piety under Okawaru
  5815 | D:7      | Lost mutation: You tend to lose your temper in combat. [potion of mutation]
  5815 | D:7      | Lost mutation: You are robust. (+10% HP) [potion of mutation]
  5815 | D:7      | Gained mutation: You have sharp toenails. [potion of mutation]
  5815 | D:7      | Gained mutation: Your body sometimes deteriorates upon taking damage. [potion of mutation]
  5815 | D:7      | Gained mutation: You possess an exceptional clarity of mind. [potion of mutation]
  5815 | D:7      | Gained mutation: Your mind is acute. (Int +2) [potion of mutation]
  5955 | D:7      | Found a corrupted altar of Lugonu.
  6319 | D:7      | Reached skill level 5 in Invocations
  6371 | D:7      | Found a transporter.
  6376 | D:7      | Noticed a red ugly thing
  6376 | D:7      | Noticed a purple ugly thing
  6377 | D:7      | Noticed a purple ugly thing
  6377 | D:7      | Noticed a white ugly thing
  6379 | D:7      | Noticed a red ugly thing
  6391 | D:7      | HP: 3/74 [green ugly thing (9)]
  6392 | D:7      | Succumbed to a green ugly thing's poison

Vault maps used:
D:1:      ncdulo_wetmaze, st_stairs_8, kennysheep_boxes
D:2:      first_bread
D:4:      serial_shops, kennysheep_little_box, serial_glass, glass_columns_b,
          glass_columns_b, item_on_display_a, feat_on_display,
          kennysheep_small_square, uniq_eustachio, uniq_ijyb
D:5:      nicolae_qazlal_general_emergency
D:6:      nicolae_overflow_crystal_walls, minmay_temple_entry_overgrown,
          trog_wizard
D:7:      gammafunk_corrupted_shrine, serial_bayou, serial_bayou_pond_e,
          serial_bayou_pond_e, serial_bayou_pond_d, serial_bayou_crossing
Temple:   kilobyte_greek_temple

Skill      XL: |  1  2  3  4  5  6  7  8  9 |
---------------+----------------------------+-----
Invocations    | 1 2 3 4 5 |  5.1
Short Blades   | 1 2 3 4 |  4.6
Long Blades    | 1 2 3 4 |  4.6
Maces & Flails | 1 2 3 4 |  4.6
Polearms       | 1 2 3 4 |  4.6
Staves         | 1 2 3 4 |  4.6
Slings         | 1 2 3 4 |  4.6
Bows           | 1 2 3 4 |  4.6
Crossbows      | 1 2 3 4 |  4.6
Throwing       | 1 2 3 4 |  4.6
Dodging        | 1 2 3 4 |  4.6
Stealth        | 1 2 3 4 |  4.6
Unarmed Combat | 1 2 3 4 |  4.6
Spellcasting   | 1 2 3 4 |  4.6
Conjurations   | 1 2 3 |  3.8
Hexes          | 1 2 3 |  3.8
Charms         | 1 2 3 |  3.8
Summonings     | 1 2 3 |  3.8
Necromancy     | 1 2 3 |  3.8
Translocations | 1 2 3 |  3.8
Transmutations | 1 2 3 |  3.8
Fire Magic     | 1 2 3 |  3.8
Ice Magic      | 1 2 3 |  3.8
Air Magic      | 1 2 3 |  3.8
Earth Magic    | 1 2 3 |  3.8
Poison Magic   | 1 2 3 |  3.8
Evocations     | 1 2 3 4 |  4.6
Axes           | 5 6 |  6.6
Fighting       | 7 8 |  8.1
Armour         | 7 8 |  8.1
Shields        | 7 8 |  8.1

Action                   |  1- 3 |  4- 6 |  7- 9 || total
-------------------------+-------+-------+-------++-------
Melee: War axe           |    81 |   142 |   348 ||   571
       Bite              |    10 |    13 |    57 ||    80
       Battleaxe         |       |       |   112 ||   112
       Falchion          |       |       |    83 ||    83
       Kick              |       |       |    32 ||    32
Invok: Heroism           |       |       |     1 ||     1
Evoke: Wand              |       |       |     2 ||     2
  Use: Potion            |       |     3 |     7 ||    10
       Scroll            |       |       |    11 ||    11
  Eat: Chunk             |       |     5 |       ||     5
       Meat ration       |       |       |     4 ||     4
       Royal jelly       |       |       |     1 ||     1
Armor: Scale mail        |    25 |    33 |    28 ||    86
       Plate armour      |       |       |   120 ||   120
Dodge: Dodged            |    50 |    70 |   237 ||   357
Block: Shield            |    55 |   106 |   289 ||   450
       Reflection        |       |       |     1 ||     1
       Other             |       |       |    22 ||    22
       Rpst.: Falchion   |       |       |     9 ||     9

Table legend:
 A = Spawn XP
 B = Non-spawn XP
 C = Spawn XP percentage of total XP
 D = Spawn monster count
 E = Non-spawn monster count
 F = Spawn count percentage of total count
 G = Total turns spent on level
                    A         B        C        D         E        F      G
               +---------+---------+-------+---------+---------+-------+---------
         Total |       0 |    4440 |   0.0 |       0 |     153 |   0.0 |  6392
               +---------+---------+-------+---------+---------+-------+---------
           D:1 |       0 |      33 |   0.0 |       0 |      16 |   0.0 |   617
           D:2 |       0 |     145 |   0.0 |       0 |      20 |   0.0 |   673
           D:3 |       0 |      62 |   0.0 |       0 |      21 |   0.0 |   567
           D:4 |       0 |    1126 |   0.0 |       0 |      26 |   0.0 |  1533
           D:5 |       0 |     301 |   0.0 |       0 |      12 |   0.0 |   570
           D:6 |       0 |    1240 |   0.0 |       0 |      29 |   0.0 |  1355
           D:7 |       0 |    1533 |   0.0 |       0 |      29 |   0.0 |   844
               +---------+---------+-------+---------+---------+-------+---------
